 Dungeon Crawl Stone Soup version 0.17.1-3-g152610e (webtiles) character file.

119 Locuples the Slasher (level 5, -6/49 HPs)
             Began as a Naga Fighter on Apr 19, 2016.
             Mangled by an ice beast (12 damage)
             ... on level 3 of the Dungeon.
             The game lasted 00:09:16 (2072 turns).

Locuples the Slasher (Naga Fighter)                 Turns: 2072, Time: 00:09:16

Health: -6/49      AC:  8    Str: 19    XL:     5   Next: 3%
Magic:  5/5        EV:  1    Int:  8    God:
Gold:   71         SH:  9    Dex: 11    Spells: 0 memorised, 4 levels left

rFire  . . .     SeeInvis +     p - +0 long sword
rCold  . . .     Clarity  .     f - +0 plate armour
rNeg   . . .     SustAt   +     c - +0 shield
rPois  +         Gourm    .     (no helmet)
rElec  .         Spirit   .     (no cloak)
rCorr  .         Warding  .     (no gloves)
rMut   .         Stasis   .     (no barding)
MR     .....                    (no amulet)
Stlth  ..........               (no ring)
                                b - ring of sustain attributes

@: very slow, not resistant to hostile enchantments, extremely unstealthy
A: see invisible, deformed body, poison resistance, slowness 2, slow metabolism
1, spit poison 2, AC +1
a: Spit Poison


You were on level 3 of the Dungeon.
You were hungry.

You visited 1 branch of the dungeon, and saw 3 of its levels.

You collected 71 gold pieces.

Inventory:

Hand Weapons
 p - a +0 long sword (weapon)
Armour
 c - a +0 shield (worn)
 f - a +0 plate armour (worn)
Jewellery
 b - a ring of sustain attributes (left hand)
Wands
 a - a wand of random effects (30)
Scrolls
 g - a scroll of random uselessness {unknown}
 i - a scroll of teleportation {unknown}
 k - 3 scrolls of identify {unknown}
 n - 2 scrolls of remove curse {unknown}
 o - a scroll of magic mapping {unknown}
Potions
 d - a potion of might
 l - a potion of curing {unknown}
 m - a potion of poison {unknown}
Comestibles
 e - 2 bread rations
 h - 3 meat rations
 j - a slice of pizza
 q - 10 chunks of flesh


   Skills:
 + Level 3.2 Fighting
 * Level 3.9 Long Blades
 + Level 2.9 Armour
 + Level 2.9 Shields


You had 4 spell levels left.
You didn't know any spells.

Dungeon Overview and Level Annotations

Branches:
Dungeon (3/15)

Altars:


Innate Abilities, Weirdness & Mutations

You cannot wear boots.
Your serpentine skin is tough (AC +1).
You have supernaturally acute eyesight.
Armour fits poorly on your strangely shaped body.
Your system is resistant to poisons.
You cover ground very slowly.
You have a slow metabolism.
You can spit poison.


Message History

You closely miss the ice beast. The ice beast hits you.
The ice beast freezes you!
The ice beast hits you but does no damage.
Your shield and plate armour prevent you from hitting the ice beast.
The ice beast hits you but does no damage.
You hit the ice beast.
The ice beast is lightly wounded.
You have got your breath back.
You block the ice beast's attack.
You hit the ice beast.
The ice beast is lightly wounded.
The ice beast hits you. The ice beast freezes you!
* * * LOW HITPOINT WARNING * * *
The ice beast hits you but does no damage.
You hit the ice beast.
The ice beast is moderately wounded.
The ice beast hits you.
* * * LOW HITPOINT WARNING * * *
The ice beast freezes you!
You die...

## #. ###########.
#........... ##########
#.########## .........#
#.# #.# .........#
#.####.#####
.........####......##...
.......@Y).)..###.......
.........####)..<..##...
...####### ##.##...##.##
. #g..#......##
#...#...##.##
#............
#...#.#.##.##
#........#.##
g..gg..............


You could see an ice beast.

Vanquished Creatures
  Robin (D:3)
  6 adders (D:2)
  An orc (D:3)
  A giant cockroach (D:1)
  14 goblins
  5 hobgoblins
  A quokka (D:2)
  13 bats
  2 giant newts (D:2)
  5 kobolds (D:1)
  8 rats
57 creatures vanquished.

Notes
Turn   | Place    | Note
--------------------------------------------------------------
     0 | D:1      | Locuples the Naga Fighter began the quest for the Orb.
     0 | D:1      | Reached XP level 1. HP: 21/21 MP: 1/1
   278 | D:1      | Reached XP level 2. HP: 14/28 MP: 2/2
   812 | D:2      | Reached XP level 3. HP: 34/34 MP: 3/3
  1180 | D:2      | Reached XP level 4. HP: 42/42 MP: 4/4
  1856 | D:3      | Noticed Robin
  1899 | D:3      | Killed Robin
  1899 | D:3      | Reached XP level 5. HP: 12/49 MP: 5/5
  2060 | D:3      | Noticed an ice beast
  2072 | D:3      | Mangled by an ice beast

Action                   |  1- 3 |  4- 6 || total
-------------------------+-------+-------++-------
Melee: Long sword        |   116 |    90 ||   206
 Abil: Spit Poison       |     5 |     6 ||    11
  Use: Potion            |       |     1 ||     1
  Eat: Chunk             |     1 |     2 ||     3
